 Dungeon Sprint DCSS version 0.21-a0-154-gb5400c9 (webtiles) character file.

28367 Lunath the Brawler (level 13, -2/144 HPs)
             Began as a Troll Monk on Aug 2, 2017.
             Was a High Priest of Okawaru.
             Engulfed by a cloud of freezing vapour (14 damage)
             ... in the Dungeon (Sprint III: "The Ten Rune Challenge").
             The game lasted 00:14:38 (3012 turns).

Lunath the Brawler (Troll Monk)                     Turns: 3012, Time: 00:14:39

Health: -2/144     AC:  8    Str: 25    XL:     13   Next: 9%
Magic:  17/18      EV: 19    Int:  6    God:    Okawaru [*****.]
Gold:   3690       SH:  0    Dex: 16    Spells: 12/12 levels left

rFire    . . .     SeeInvis .     - Unarmed
rCold    . . .     Gourm    +   (no shield)
rNeg     . . .     Faith    +   a - +0 robe
rPois    .         Spirit   .   h - +2 hat
rElec    .         Reflect  .   (no cloak)
rCorr    .         Harm     .   (gloves unavailable)
MR       .....     NoTele   +   (boots unavailable)
Stlth    +.........             u - amulet of faith
HPRegen  0.74/turn              i - +3 ring of strength
MPRegen  0.16/turn              (no ring)

@: confused, finesse
A: unfitting armour, claws 3, fast metabolism 3, gourmand, regeneration 1,
shaggy fur 1, tough skin 2
a: Heroism, Finesse, Renounce Religion


You were in the Dungeon.
You worshipped Okawaru.
Okawaru was extremely pleased with you.
You were completely stuffed.

You visited 1 branch You collected 3690 gold pieces.

Inventory:

Hand Weapons
 c - a +2 great sword of freezing
 e - a +4 great mace of crushing
 g - a +1 antimagic triple sword
Armour
 a - a +0 robe (worn)
 h - a +2 hat (worn)
Jewellery
 i - a +3 ring of strength (left claw)
 u - an amulet of faith (around neck)
Scrolls
 k - a scroll of torment
 l - 4 scrolls of identify
Potions
 f - 2 potions of magic
 j - 7 potions of mutation
 q - a potion of flight
 s - a potion of brilliance {unknown}
 t - a potion of haste
 w - a potion of cancellation {unknown}
 x - a potion of lignification {unknown}
Books
 m - a book of Alchemy

   Spells                             Type                      Level
   a - Sublimation of Blood           Necromancy                   2
   b - Ignite Poison                  Fire/Transmutation/Poison    3
   c - Petrify                        Transmutation/Earth          4
   d - Alistair's Intoxication        Transmutation/Poison         5
   e - Irradiate                      Conjuration/Transmutation    5
 o - a book of Minor Magic

   Spells                             Type                      Level
   a - Magic Dart                     Conjuration                  1
   b - Blink                          Translocation                2
   c - Call Imp                       Summoning                    2
   d - Slow                           Hexes                        2
   e - Conjure Flame                  Conjuration/Fire             3
   f - Mephitic Cloud                 Conjuration/Poison/Air       3
 v - the Tome of Displaced Lightness
   (You found it in the Dungeon)

   Spells                             Type                      Level
   a - Portal Projectile              Hexes/Translocation          3
   b - Recall                         Summoning/Translocation      3
   c - Airstrike                      Air                          4
Comestibles
 b - 4 bread rations
 n - 7 fruits
 p - 28 royal jellies
 r - 3 meat rations


   Skills:
 + Level 13.1 Fighting
 + Level 11.2 Armour
 + Level 13.1 Dodging
 - Level 1.0 Stealth
 * Level 20.9 Unarmed Combat
 + Level 9.0 Invocations


You had 12 spell levels left.
You didn't know any spells.

Dungeon Overview and Level Annotations

Branches:
Dungeon (1/1)

Altars:
Cheibriados
Dithmenos
Elyvilon
Fedhas
Gozag
Hepliaklqana
Kikubaaqudgha
Makhleb
Nemelex Xobeh
Okawaru
Qazlal
Ru
Sif Muna
Trog
Uskayaw
Vehumet
Wu Jian
Xom
Yredelemnul
Zin
The Shining One
Beogh
Jiyva
Lugonu

Shops:
D :


Innate Abilities, Weirdness & Mutations

You are too large for most types of armour.
You have claws for hands.
Your metabolism is lightning-fast.
You like to eat raw meat.
Your natural rate of healing is unusually fast.
You are covered in fur. (AC +1)
You have very tough skin. (AC +2)


Message History

Things that are here:
17 stones x2
You now have 3690 gold pieces (gained 9).
r - 3 meat rations (gained 1);
x - a glowing puce potion
Things that are here:
8 stones; a robe You are engulfed in freezing vapours.
You are engulfed in freezing vapours.
There is an open door here.
Really walk into that cloud of freezing vapour?
Okay, then.
You are engulfed in freezing vapours.
* * * LOW HITPOINT WARNING * * *
You are engulfed in freezing vapours.
* * * LOW HITPOINT WARNING * * *
You feel like a meek peon again.
It was a potion of ambrosia.
You are confused.
You feel invigorated.
You are engulfed in freezing vapours.
You die...

♣♣≈≈≈........≈≈≈...##.#.#.##.....
♣'♣≈≈≈≈≈≈≈≈≈≈≈≈♣♣P.'.#.#.#.#.....
≈♣♣♣♣♣♣♣♣♣♣♣♣♣♣♣♣PP##(#.#.#######
.♣♣ ♣♣♣##'#####
#†♣♣♣♣♣♣♣♣♣♣♣♣♣♣♣♣♣#)).+
♣.##..##≈≈≈≈≈≈..#|[#...#
.##.##.#≈≈≈≈≈...#§§#...#
##†##.##'≈≈≈≈§####§#####
.#÷##...#≈≈..§§§@§§#
.##.##.)#≈..'#######
.##.#####÷..#(()...#
....##......#♣♣♣._.#
######+###### #####


There were no monsters in sight!

Vanquished Creatures
  Rupert (D)
  Harold (D)
  Gastronok (D)
  2 dire elephants (D)
  Snorg (D)
  A centaur warrior (D)
  2 hydras (D)
  4 death yaks (D)
  An orc high priest (D)
  Urug (D)
  An unseen horror (D)
  A death drake (D)
  A spriggan druid (D)
  A lindwurm (D)
  2 orc knights (D)
  Joseph (D)
  6 deep elf magi (D)
  2 elephants (D)
  2 black mambas (D)
  2 spiny frogs (D)
  A rime drake (D)
  A komodo dragon (D)
  3 wandering mushrooms (D)
  A queen bee (D)
  2 tyrant leeches (D)
  8 blink frogs (D)
  3 redbacks (D)
  A shadow (D)
  2 spriggans (D)
  A spatial vortex (D)
  A hydra simulacrum (D)
  2 orc warriors (D)
  A swamp drake (D)
  A fire dragon simulacrum (D)
  A necrophage (D)
  2 centaurs (D)
  An earth elemental (D)
  A water elemental (D)
  32 killer bees (D)
  An electric eel (D)
  A wizard (D)
  A jelly (D)
  4 orc priests (D)
  An orc wizard (D)
  A polar bear simulacrum (D)
  A necromancer (D)
  A wolf simulacrum (D)
  A kobold demonologist (D)
  3 humans (D)
  A wolf (D)
  2 oozes (D)
  7 orcs (D)
  2 rats (D)
126 creatures vanquished.

Vanquished Creatures (others)
  2 draconian scorchers (D)
  An orc high priest (D)
  6 hellions (D)
  2 yaktaurs (D)
11 creatures vanquished.

Grand Total: 137 creatures vanquished

Notes
Turn   | Place    | Note
-------+----------+-------------------------------------------
     0 | D        | Lunath the Troll Monk began the quest for the Orb.
     0 | D        | Reached XP level 1. HP: 22/22 MP: 0/0
     4 | D        | Reached skill level 4 in Unarmed Combat
    10 | D        | Reached skill level 5 in Unarmed Combat
    10 | D        | Reached XP level 2. HP: 27/29 MP: 1/1
    47 | D        | Reached skill level 6 in Unarmed Combat
    76 | D        | Killed a hellion
    77 | D        | Killed a hellion
    96 | D        | Killed a yaktaur
   103 | D        | Killed a hellion
   107 | D        | Reached skill level 7 in Unarmed Combat
   107 | D        | Reached XP level 3. HP: 36/36 MP: 2/2
   121 | D        | Killed a hellion
   122 | D        | Noticed a water elemental
   123 | D        | Killed a hellion
   127 | D        | Killed a water elemental
   127 | D        | Reached skill level 8 in Unarmed Combat
   127 | D        | Reached XP level 4. HP: 45/45 MP: 3/3
   133 | D        | Found a radiant altar of Vehumet.
   133 | D        | Found a deep blue altar of Sif Muna.
   133 | D        | Found an ancient bone altar of Kikubaaqudgha.
   133 | D        | Noticed a wizard
   149 | D        | Killed a wizard
   149 | D        | Reached skill level 9 in Unarmed Combat
   149 | D        | Reached XP level 5. HP: 30/54 MP: 4/4
   190 | D        | Found a glowing silver altar of Zin.
   191 | D        | Found a glowing golden altar of the Shining One.
   191 | D        | Found a white marble altar of Elyvilon.
   191 | D        | Noticed a deep elf mage
   195 | D        | Killed a deep elf mage
   195 | D        | Reached skill level 12 in Unarmed Combat
   195 | D        | Reached XP level 6. HP: 65/67 MP: 5/5
   195 | D        | Reached XP level 7. HP: 73/75 MP: 6/6
   200 | D        | Killed a hellion
   212 | D        | Found an ornate altar of the Wu Jian Council.
   212 | D        | Found a roughly hewn altar of Beogh.
   212 | D        | Found an iron altar of Okawaru.
   212 | D        | Found a bloodstained altar of Trog.
   212 | D        | Found a hide-covered altar of Uskayaw.
   212 | D        | Noticed a human
   213 | D        | Noticed a human
   216 | D        | Killed a white draconian scorcher
   218 | D        | Killed a human
   225 | D        | Killed a human
   244 | D        | Killed a white draconian scorcher
   321 | D        | Found a basalt altar of Yredelemnul.
   321 | D        | Found a shadowy altar of Dithmenos.
   321 | D        | Found a sacrificial altar of Ru.
   324 | D        | Reached skill level 13 in Unarmed Combat
   334 | D        | Noticed a shadow
   338 | D        | Killed a shadow
   338 | D        | Reached XP level 8. HP: 53/87 MP: 7/7
   344 | D        | Found a blossoming altar of Fedhas.
   344 | D        | Found a stormy altar of Qazlal.
   345 | D        | Found a snail-covered altar of Cheibriados.
   345 | D        | Found a burning altar of Makhleb.
   345 | D        | Found a hazy altar of Hepliaklqana.
   345 | D        | Found a shimmering altar of Xom.
   345 | D        | Found an opulent altar of Gozag.
   345 | D        | Found a sparkling altar of Nemelex Xobeh.
   345 | D        | Found a corrupted altar of Lugonu.
   345 | D        | Found a viscous altar of Jiyva.
   351 | D        | Reached skill level 1 in Armour
   371 | D        | Became a worshipper of Warmaster Okawaru
   371 | D        | Reached * piety under Okawaru
   371 | D        | Reached ** piety under Okawaru
   405 | D        | Noticed an orc high priest
   405 | D        | Noticed an orc high priest
   406 | D        | Noticed an orc knight
   408 | D        | Noticed a red devil
   412 | D        | Noticed an orc knight
   414 | D        | Noticed a smoke demon
   417 | D        | Noticed Snorg
   420 | D        | Killed an orc high priest
   420 | D        | Reached skill level 14 in Unarmed Combat
   430 | D        | Killed an orc knight
   430 | D        | Reached XP level 9. HP: 43/97 MP: 6/8
   437 | D        | Noticed a smoke demon
   630 | D        | Noticed a smoke demon
   636 | D        | Noticed a hellwing
   636 | D        | Noticed a rust devil
   637 | D        | Killed an orc high priest
   637 | D        | Reached skill level 15 in Unarmed Combat
   661 | D        | Killed Snorg
   661 | D        | Reached *** piety under Okawaru
   661 | D        | Reached skill level 5 in Armour
   815 | D        | Reached XP level 10. HP: 107/107 MP: 9/9
   849 | D        | Killed an orc knight
   849 | D        | Reached skill level 16 in Unarmed Combat
   853 | D        | Found Rikamej's Book Shop.
   903 | D        | Noticed a deep elf mage
   903 | D        | Noticed a deep elf mage
   903 | D        | Noticed a deep elf mage
   903 | D        | Noticed a deep elf mage
   903 | D        | Noticed a deep elf mage
   913 | D        | Killed a deep elf mage
   919 | D        | Killed a deep elf mage
   919 | D        | Reached skill level 10 in Fighting
   919 | D        | Reached skill level 10 in Dodging
   923 | D        | Killed a deep elf mage
   923 | D        | Reached **** piety under Okawaru
   926 | D        | Killed a deep elf mage
   926 | D        | Received a gift from Okawaru
   929 | D        | Killed a deep elf mage
   929 | D        | Reached skill level 17 in Unarmed Combat
  1055 | D        | Noticed a centaur warrior
  1061 | D        | Killed a centaur warrior
  1137 | D        | Reached XP level 11. HP: 106/119 MP: 8/10
  1139 | D        | Reached skill level 1 in Invocations
  1140 | D        | Reached ***** piety under Okawaru
  1271 | D        | Killed an unseen horror
  1274 | D        | Noticed Harold
  1274 | D        | Noticed Joseph
  1280 | D        | Killed Harold
  1280 | D        | Reached skill level 18 in Unarmed Combat
  1290 | D        | Killed Joseph
  1393 | D        | Received a gift from Okawaru
  1548 | D        | Reached skill level 5 in Invocations
  1745 | D        | Noticed Rupert
  1755 | D        | Killed Rupert
  1755 | D        | Reached skill level 19 in Unarmed Combat
  1755 | D        | Reached XP level 12. HP: 84/132 MP: 7/15
  1829 | D        | Noticed a dire elephant
  1829 | D        | Noticed a dire elephant
  1829 | D        | Noticed Gastronok
  1836 | D        | Killed a dire elephant
  1847 | D        | Killed a dire elephant
  1847 | D        | Received a gift from Okawaru
  1847 | D        | Reached skill level 10 in Armour
  1859 | D        | Killed Gastronok
  1944 | D        | Noticed an azure jelly
  1944 | D        | Noticed an azure jelly
  1944 | D        | Noticed an azure jelly
  1945 | D        | Noticed an azure jelly
  1960 | D        | Noticed a death yak
  1961 | D        | Noticed a death yak
  1963 | D        | Noticed a death yak
  1966 | D        | Killed a death yak
  1966 | D        | Reached skill level 20 in Unarmed Combat
  1968 | D        | Noticed a death yak
  1975 | D        | Killed a death yak
  1980 | D        | Killed a death yak
  1985 | D        | Killed a death yak
  2419 | D        | Noticed Urug
  2424 | D        | Killed Urug
  2430 | D        | Noticed a six-headed hydra
  2430 | D        | Noticed an eight-headed hydra
  2446 | D        | Killed a six-headed hydra
  2450 | D        | Killed an eight-headed hydra
  2450 | D        | Reached XP level 13. HP: 40/144 MP: 7/18
  2748 | D        | Found a blossoming altar of Fedhas.
  2756 | D        | Received a gift from Okawaru
  2756 | D        | Paralysed by a spriggan for 4 turns
  3003 | D        | Identified the Tome of Displaced Lightness
  3012 | D        | Engulfed by a cloud of freezing vapour

Vault maps used:
D:        dungeon_sprint_mu

Skill      XL: |  1  2  3  4  5  6  7  8  9 10 11 12 13 |
---------------+----------------------------------------+-----
Unarmed Combat | 5 7 8 9 12 13 14 15 17 19 20 | 20.9
Fighting       | 3 4 6 7 8 9 10 12 13 | 13.1
Dodging        | 3 4 6 7 8 9 10 12 13 | 13.1
Armour         | 3 5 7 9 11 | 11.2
Invocations    | 6 8 9 |  9.0
Stealth        | |  1.0

Action                   |  1- 3 |  4- 6 |  7- 9 | 10-12 | 13-15 || total
-------------------------+-------+-------+-------+-------+-------++-------
Melee: Unarmed           |    22 |    12 |    67 |   277 |    16 ||   394
       Punch             |     1 |     1 |     8 |    27 |     2 ||    39
       Great mace        |       |       |       |     7 |       ||     7
Invok: Heroism           |       |       |     3 |    16 |     3 ||    22
       Finesse           |       |       |       |     9 |     2 ||    11
  Use: Scroll            |     5 |       |     1 |     1 |       ||     7
       Potion            |       |       |     3 |     2 |     1 ||     6
 Stab: Sleeping          |     1 |     1 |       |     1 |     1 ||     4
       Distracted        |       |       |     1 |     1 |       ||     2
  Eat: Chunk             |     5 |     2 |     6 |    14 |     5 ||    32
Armor: Robe              |     3 |     2 |     7 |    16 |     1 ||    29
Dodge: Dodged            |     9 |     3 |    28 |   173 |     5 ||   218
